 Dungeon Crawl Stone Soup version 0.27-a0-1065-ge809cff456 (webtiles) character file.

Game seed: 16179395470677864105

107 BritishOli the Skirmisher (level 4, -4/35 HPs)
             Began as a Demonspawn Fighter on Apr 22, 2021.
             Slain by Sigmund
             ... wielding a +0 scythe
              (11 damage)
             ... on level 2 of the Dungeon.
             The game lasted 00:01:26 (1708 turns).

BritishOli the Skirmisher (Demonspawn Fighter)      Turns: 1708, Time: 00:01:26

Health: -4/35      AC:  7    Str: 18    XL:     4   Next: 57%
Magic:  4/4        EV:  7    Int:  9    God:
Gold:   97         SH:  9    Dex: 12    Spells: 3/3 levels left

rFire    . . .     SeeInvis .   a - +0 long sword
rCold    . . .     Faith    .   c - +0 kite shield
rNeg     . . .     Spirit   .   b - +0 scale mail
rPois    .         Reflect  .   (no helmet)
rElec    .         Harm     .   (no cloak)
rCorr    .         Rampage  .   (no gloves)
Will     .....                  (no boots)
Stlth    ..........             (no amulet)
HPRegen  0.11/turn              (no ring)
MPRegen  0.09/turn              (no ring)

@: no status effects
A: hooves 1, sharp scales 1
a: no special abilities


You were on level 2 of the Dungeon.
You visited 1 branch of the dungeon, and saw 2 of its levels.

You collected 97 gold pieces.

Inventory:

Hand Weapons
 a - a +0 long sword (weapon)
Armour
 b - a +0 scale mail (worn)
 c - a +0 kite shield (worn)
Scrolls
 f - a scroll of torment {unknown}
 g - 3 scrolls of identify {unknown}
Potions
 d - a potion of might
 e - a potion of mutation {unknown}
 h - a potion of invisibility {unknown}
 i - a potion of haste {unknown}


   Skills:
 + Level 3.4 Fighting
 * Level 2.9 Long Blades
 + Level 3.1 Armour
 + Level 1.3 Dodging
 + Level 3.2 Shields


You had 3 spell levels left.
You didn't know any spells.
Your spell library was empty.

Dungeon Overview and Level Annotations

Branches:
Dungeon (2/15)

Altars:

Annotations:
D:2 Sigmund


Innate Abilities, Weirdness & Mutations

You have large cloven feet.
You are partially covered in razor-sharp scales. (AC +1, Slay +1)


Message History

An adder comes into view.
The adder hisses angrily.
You block Sigmund's attack.
There are monsters nearby!
You closely miss Sigmund. You kick Sigmund.
Sigmund is lightly wounded.
Sigmund casts a spell at you.
The magic dart hits you but does no damage.
You block the worm's attack.
You slash Sigmund!
Sigmund is heavily wounded.
Sigmund gestures at himself while chanting.
Sigmund flickers and vanishes!
Deactivating autopickup; reactivate with Ctrl-A.
Something hits you!
You slash the worm! You kick the worm.
The worm is heavily wounded.
The worm bites you! Something hits you.
Unknown command.
You are too injured to fight recklessly!
Unknown command.
You are too injured to fight recklessly!
Unknown command.
Unknown command.
You are too injured to fight recklessly!
You see here a +0 mace.
You barely miss the worm. You kick the worm.
The worm is moderately wounded.
The worm bites you.
* * * LOW HITPOINT WARNING * * *
You slash the worm! You kick the worm.
The worm is almost dead.
Something hits you.
* * * LOW HITPOINT WARNING * * *
You block the worm's attack.
You slash the worm!
You kill the worm!
Something hits you but does no damage. The adder bites you but does no damage.
Something hits you!
You die...

#....†....# #....
#.........# ..###
#.>.......#
#.........##[
#............#
#####..#.##### #....#.#
......#.##.########..##
#######.##)##.S@.......
#...)†.)####..###
#.....####.## #
#....#.. #..# ..##.##.
##.# . # <# #{S....# ..
#......# #. ..###..#
... .#


You could see an adder.

Vanquished Creatures
  Natasha (twice) (D:2)
  2 adders (D:2)
  2 worms (D:2)
  6 ball pythons
  4 endoplasms
  A giant cockroach (D:1)
  8 goblins
  4 hobgoblins
  3 kobolds (D:1)
  A quokka (D:1)
  A frilled lizard (D:2)
  4 rats
38 creatures vanquished.

Vanquished Creatures (others)
  7 toadstools (D:1)
7 creatures vanquished.

Grand Total: 45 creatures vanquished

Notes
Turn   | Place    | Note
-------+----------+-------------------------------------------
     0 | D:1      | BritishOli the Demonspawn Fighter began the quest for the
                  | Orb.
     0 | D:1      | Reached XP level 1. HP: 18/18 MP: 1/1
    86 | D:1      | Gained mutation: You have large cloven feet. [demonic
                  | ancestry]
    86 | D:1      | Reached XP level 2. HP: 3/24 MP: 2/2
  1030 | D:2      | Reached XP level 3. HP: 14/29 MP: 3/3
  1034 | D:2      | Reached skill level 1 in Dodging
  1550 | D:2      | Noticed Natasha
  1554 | D:2      | Killed Natasha
  1555 | D:2      | Gained mutation: You are partially covered in razor-sharp
                  | scales. (AC +1, Slay +1) [demonic ancestry]
  1555 | D:2      | Reached XP level 4. HP: 20/35 MP: 4/4
  1598 | D:2      | Noticed Natasha
  1604 | D:2      | Killed Natasha
  1692 | D:2      | Noticed Sigmund
  1708 | D:2      | Slain by Sigmund

Illustrated notes

Levels and vault maps discovered:
D:1:      nagdon_arrival_double_spiral, layout_rooms, hangedman_decor_riveting
D:2:      layout_rooms, uniq_natasha, uniq_sigmund

Skill      XL: |  1  2  3 |
---------------+----------+-----
Long Blades    | 2 |  2.9
Dodging        | 1 |  1.3
Armour         | 3 |  3.1
Shields        | 3 |  3.2
Fighting       | |  3.4

Action                   |  1- 3 |  4- 6 || total
-------------------------+-------+-------++-------
Melee: Long sword        |    92 |     9 ||   101
       Kick              |    15 |     7 ||    22
Armor: Scale mail        |    55 |     3 ||    58
Dodge: Dodged            |    34 |     1 ||    35
Block: Kite shield       |    50 |     4 ||    54
       Rpst.: Long sword |    13 |     1 ||    14

Table legend: (Time is in decaauts)
 A = Elapsed time spent in this place.
 B = Non-inter-level travel time spent in this place.
 C = Inter-level travel time spent in this place.
 D = Time resting spent in this place.
 E = Time spent auto-exploring this place.
 F = Levels seen in this place.
 G = Mean time per level.
                   A        B        C        D        E       F      G
               +--------+--------+--------+--------+--------+-----+--------+
         Total |   1797 |   1788 |      9 |    709 |    832 |   2 |  898.5 |
       Dungeon |   1797 |   1788 |      9 |    709 |    832 |   2 |  898.5 |
               +--------+--------+--------+--------+--------+-----+--------+

Top non-repeatable levels by time:
     D:1: 1077 daAuts
     D:2: 720 daAuts
